 Dungeon Crawl Stone Soup version 0.19-a0-36-g4a0968a (webtiles) character file.

415291 nubinia the Ruinous (level 23, -2/135 HPs)
             Began as a Tengu Conjurer on Apr 27, 2016.
             Was the Champion of Sif Muna.
             Killed from afar by an ancient champion (32 damage)
             ... with an orb of energy
             ... on level 3 of the Crypt on May 3, 2016.
             The game lasted 12:59:41 (65755 turns).

nubinia the Ruinous (Tengu Conjurer)               Turns: 65755, Time: 12:59:42

Health: -2/135     AC: 12    Str: 19    XL:     23   Next: 59%
Magic:  22/73      EV: 25    Int: 23    God:    Sif Muna [******]
Gold:   1731       SH: 12    Dex: 25    Spells: 17 memorised, 1 level left

rFire  . . .     SeeInvis +     Q - +5 short sword "Qoalen" {pierce, rN+ MP+9 Str+2 Int-2}
rCold  + . .     Gourm    .     G - +3 robe "Equubuimm" {Int+4 Dex+4}
rNeg   + + .     Faith    .     V - +0 shield of Sin {rCorr Int+3 SInv Stlth+}
rPois  .         Spirit   .     U - +2 hat
rElec  .         Dismiss  .     t - +1 cloak "Feewut" {MR+ MP+9 Str+3}
rCorr  +         Reflect  .     s - +2 pair of gloves
SustAt +         Harm     .     (boots unavailable)
MR     +++++                    o - amulet of Vitality {Regen+ HP+15}
Stlth  ++++++++..               p - ring of positive energy
                                I - ring of Hewaasa {SustAt *Corrode rC+ MR+++ MP+9}

@: flying quickly and evasively, delayed fireball, quick, almost entirely
resistant to hostile enchantments, extraordinarily stealthy
A: beak, talons 3, thin skeletal structure 1, strong 1, evolution 2, able to fly
2
a: Stop Flying, Channel Energy, Forget Spell, Renounce Religion, Release Delayed
Fireball
}: 2/15 runes: barnacled, gossamer


You were on level 3 of the Crypt.
You worshipped Sif Muna.
Sif Muna was exalted by your worship.
You were very hungry.

You visited 9 branches of the dungeon, and saw 42 of its levels.
You also visited: Sewer, Ice Cave and Volcano.

You collected 4723 gold pieces.
You spent 2992 gold pieces at shops.

Inventory:

Hand Weapons
 a - a +8 dagger of protection
 b - the +0 war axe of the Thing {chop, rF++ rN+ Str+3}
   (You found it on level 9 of the Dungeon)

   It inflicts extra damage upon your enemies.
   It affects your strength (+3).
   It greatly protects you from fire.
   It protects you from negative energy.
 u - the +6 trident of Purpose {flame, rElec Stlth+}
   (You took it off a deep elf death mage on level 3 of the Elven Halls)

   It has been specially enchanted to burn those struck by it, causing extra
   injury to most foes and up to half again as much damage against particularly
   susceptible opponents.
   It insulates you from electricity.
   It makes you more stealthy.
 Q - the +5 short sword "Qoalen" (weapon) {pierce, rN+ MP+9 Str+2 Int-2}
   (You found it on level 3 of the Shoals)

   It inflicts extra damage upon your enemies.
   It affects your strength (+2).
   It affects your intelligence (-2).
   It protects you from negative energy.
   It affects your magic capacity (+9).
Armour
 s - a +2 pair of gloves (worn)
 t - the +1 cloak "Feewut" (worn) {MR+ MP+9 Str+3}
   (You found it on level 4 of the Shoals)

   It affects your strength (+3).
   It affects your resistance to hostile enchantments.
   It affects your magic capacity (+9).
 G - the +3 robe "Equubuimm" (worn) {Int+4 Dex+4}
   (You found it on level 9 of the Dungeon)

   It affects your intelligence (+4).
   It affects your dexterity (+4).
 U - a +2 hat (worn)
 V - the +0 shield of Sin (worn) {rCorr Int+3 SInv Stlth+}
   (You bought it in a shop on level 1 of the Elven Halls)

   It affects your intelligence (+3).
   It lets you see invisible.
   It protects you from acid and corrosion.
   It makes you more stealthy.
Jewellery
 h - a +6 amulet of reflection
 o - the amulet of Vitality (around neck) {Regen+ HP+15}
   (You found it on level 4 of the Shoals)

   [amulet of regeneration]

   It affects your health (+15).
   It increases your rate of regeneration.
 p - a ring of positive energy (right hand)
 y - an uncursed ring of protection from fire
 I - the ring of Hewaasa (left hand) {SustAt *Corrode rC+ MR+++ MP+9}
   (You took it off a deep elf blademaster on level 3 of the Elven Halls)

   [ring of sustain attributes]

   It sustains your strength, intelligence and dexterity.
   It protects you from cold.
   It affects your resistance to hostile enchantments.
   It affects your magic capacity (+9).
   It may corrode you when you take damage.
Wands
 B - a wand of lightning (9/15)
 H - a wand of iceblast (7/15)
 L - a wand of teleportation (6/9)
 O - a wand of digging (9/24)
Scrolls
 c - a scroll of fog
 d - 16 scrolls of remove curse
 j - a scroll of acquirement
 l - 3 scrolls of summoning
 D - 2 scrolls of blinking
 J - 9 scrolls of identify
 P - 5 scrolls of recharging
 T - 19 scrolls of teleportation
 W - 3 scrolls of magic mapping
Potions
 e - 6 potions of agility
 f - 5 potions of might
 g - 9 potions of curing
 m - 4 potions of heal wounds
 n - 4 potions of haste
 r - 4 potions of cancellation
 v - 3 potions of resistance
 z - 2 potions of invisibility
 S - 6 potions of brilliance
Books
 i - a book of Party Tricks

   Spells                             Type                      Level
   a - Summon Butterflies             Summoning                    1
   b - Apportation                    Translocation                1
   c - Tukima's Dance                 Hexes                        3
   d - Alistair's Intoxication        Transmutation/Poison         5
   e - Invisibility                   Hexes                        6
Miscellaneous
 A - a lamp of fire
 C - a sack of spiders
 M - a fan of gales
 Y - 2 phantom mirrors


   Skills:
 + Level 5.3 Fighting
 + Level 6.2 Short Blades
 + Level 9.7 Dodging
 + Level 16.6 Stealth
 + Level 7.7 Shields
 * Level 18.2 Spellcasting
 * Level 21.1 Conjurations
   Level 4.4 Hexes
 + Level 7.3 Charms
 + Level 9.0 Summonings
 * Level 10.7 Necromancy
 + Level 3.7 Translocations
 * Level 13.6 Fire Magic
 * Level 17.9 Air Magic
 - Level 9.6 Invocations
 + Level 0.4 Evocations


You had one spell level left.
You knew the following spells:

 Your Spells              Type           Power        Failure   Level  Hunger
a - Magic Dart            Conj           ####         0%          1    None
b - Airstrike             Air            #######...   1%          4    None
c - Mephitic Cloud        Conj/Pois/Air  ######..     1%          3    None
d - Iskenderun's Mystic   Conj           #######.     0%          4    None
e - Deflect Missiles      Chrm/Air       ######....   6%          6    ####...
f - Force Lance           Conj/Tloc      ######..     1%          4    None
g - Shroud of Golubria    Chrm/Tloc      #####.....   1%          2    None
h - Fireball              Conj/Fire      #######...   1%          5    None
i - Iskenderun's Battles  Conj/Chrm      ######..     1%          5    None
j - Swiftness             Chrm/Air       ######..     1%          2    None
k - Delayed Fireball      Conj/Fire      N/A          6%          7    #####..
l - Summon Lightning Spi  Summ/Air       ######..     1%          4    None
m - Sticky Flame          Conj/Fire      #######.     1%          4    None
n - Dispel Undead         Necr           ######..     1%          5    None
o - Apportation           Tloc           #####.....   1%          1    None
C - Control Undead        Necr           ######....   1%          4    None
S - Animate Skeleton      Necr           N/A          1%          1    None


Dungeon Overview and Level Annotations

Branches:
Dungeon (14/15)            Temple (1/1) D:6            Lair (8/8) D:11
 Shoals (4/4) Lair:3       Spider (4/4) Lair:5        Slime (0/6) Lair:8
    Orc (2/2) D:11            Elf (3/3) Orc:2        Vaults (3/5) D:14
  Crypt (3/3) Vaults:2
   Tomb: Crypt:3

Altars:
Cheibriados
Elyvilon
Fedhas
Gozag
Kikubaaqudgha
Makhleb
Okawaru
Qazlal
Ru
Sif Muna
Xom
Yredelemnul
Zin
The Shining One
Beogh
Jiyva

Shops:
D:10 *   Orc:2 :!=:   Elf:1 [   Vaults:1 [%!   Vaults:2 ?

Annotations:
D:10 Joseph
Spider:3 Mara


Innate Abilities, Weirdness & Mutations

You have a beak for a mouth.
You have claws for feet.
You can fly continuously.
You have a somewhat thin skeletal structure (Dex +2, Stealth).
Your muscles are strong. (Str +2)
You rapidly evolve.


Message History

The ancient champion seems to speed up.
Unknown command.
Unknown command.
Unknown command.
Casting: Magic Dart
Confirm with . or Enter, or press ? or * to list all spells.
Aiming: Magic Dart
Press: ? - help, Shift-Dir - straight line, f/p - ancient champion
Aim: an ancient champion, wielding a battleaxe of draining and wearing a plate armour (lightly damaged, fast)
The magic dart hits the ancient champion.
The ancient champion is lightly damaged.
Your battlesphere fires!
The barrage of energy hits the ancient champion.
The ancient champion is lightly damaged.
The ancient champion points at you and mumbles some strange words.
The orb of energy hits you!
* * * LOW HITPOINT WARNING * * *
The ancient champion points at you and mumbles some strange words.
The orb of energy hits you!
You die...

.########...####.## ####..#
............# #.<# ###.....###
............# #..#####........[.
............# #.[)..............
.......####.# #.).......)[).....
....Z..# #.# #...)#######......
######.# #.# #....# #......
.[...#.# #.# #....# #...###
.....#.# #.####@...# #...#
.....#.# #.........# #...#
.....#.# #.........# #...#
.....#.# #....*....# #...#
.....#.# #.........#######...#
.....#.####...................#
######......z.................#
..............................#
........................(.....###


You could see an ancient champion and a friendly battlesphere.

Vanquished Creatures
  Boris (Crypt:1)
  Arachne (Spider:2)
  A bone dragon (Crypt:3)
  Nikola (Elf:3)
  Jorgrun (Spider:2)
  Asterion (Elf:2)
  2 deep elf master archers (Elf:3)
  2 deep elf blademasters (Elf:3)
  3 sphinxes
  A kraken (Shoals:1)
  Gastronok (Lair:1)
  11 ancient champions
  Wiglaf (Spider:2)
  Ilsuiw (Shoals:4)
  A storm dragon (D:13)
  4 revenants
  4 deep elf sorcerers
  2 frost giants
  A frost giant (shapeshifter) (Elf:1)
  Donald (Orc:2)
  4 emperor scorpions (Spider:4)
  5 vault wardens
  Louise (Spider:4)
  9 ghouls
  3 curse skulls
  A caustic shrike skeleton (Crypt:2)
  3 stone giants
  A very ugly thing (Vaults:3)
  3 deep elf elementalists
  7 ironheart preservers
  6 vampire knights
  4 deep elf demonologists
  4 deep elf annihilators
  2 eidola (Crypt:3)
  6 deep elf death magi
  A mummy priest (Crypt:3)
  7 merfolk javelineers (Shoals:4)
  11 merfolk impalers
  3 yaktaur captains
  5 deep elf high priests
  4 death oozes (Crypt:3)
  An ettin (Vaults:3)
  A fire dragon (Vaults:3)
  A great orb of eyes (Vaults:3)
  13 jiangshi
  A rakshasa (Vaults:2)
  6 ogre magi
  4 ice dragons
  2 entropy weavers
  11 hydras
  4 centaur warriors
  3 merfolk avatars
  3 merfolk aquamancers
  4 satyrs
  3 deep troll shamans
  5 death knights
  27 dancing weapons
  4 death yaks (Lair:8)
  A deep troll earth mage (Vaults:3)
  6 vampire magi
  An orc high priest (Elf:2)
  A tengu warrior (D:13)
  A hellephant zombie (Crypt:2)
  Urug (Lair:1)
  Sonja (Lair:1)
  16 deep elf knights
  2 soul eaters
  Nergalle (D:12)
  5 shadow wraiths
  10 sea snakes
  9 deep trolls
  26 skeletal warriors
  A golden dragon zombie (Crypt:1)
  A quicksilver dragon simulacrum (Crypt:3)
  A kraken simulacrum (Shoals:4)
  3 giant orange brains
  An anaconda zombie (Crypt:1)
  A sea snake (shapeshifter) (Vaults:1)
  4 flayed ghosts
  14 deep elf archers
  A golden dragon skeleton (Crypt:1)
  20 harpies
  8 orc knights
  7 ironbrand convokers
  A harpy (shapeshifter) (Vaults:3)
  11 phantasmal warriors
  12 hill giants
  38 wolf spiders
  2 wizards
  A wolf spider zombie (Crypt:1)
  70 deep elf magi
  4 necromancers
  17 ugly things
  20 orb spiders
  An oklob plant (Lair:5)
  An orc sorcerer (Orc:1)
  3 moths of wrath
  A fire giant zombie (Crypt:2)
  A griffon (shapeshifter) (Elf:3)
  6 cyclopes
  5 hornets
  2 sphinx skeletons (Vaults:2)
  12 griffons
  20 fauns
  A hell hog skeleton (Crypt:3)
  2 salamanders (shapeshifter)
  12 manticores
  A stone giant skeleton (Vaults:2)
  5 black mambas
  4 elephants
  11 sirens
  5 vault sentinels
  10 water nymphs
  3 torpor snails
  12 spiny frogs
  2 gargoyles
  A dire elephant skeleton (Crypt:1)
  An efreet (D:13)
  5 komodo dragons
  14 yaktaurs
  A purple draconian zombie (Crypt:3)
  6 kobold demonologists
  6 demonic crawlers
  14 freezing wraiths
  3 rime drakes
  A harpy zombie (Crypt:1)
  A hydra zombie (Crypt:1)
  A tengu conjurer (D:13)
  7 guardian mummies (Crypt:3)
  An iron troll skeleton (Crypt:3)
  3 yaktaur skeletons (Vaults:2)
  A queen bee (shapeshifter) (Vaults:1)
  20 merfolk
  A red devil (Volcano)
  44 jumping spiders
  A wolf spider simulacrum (IceCv)
  A queen bee (Lair:3)
  2 polar bears (Lair:8)
  A pale draconian skeleton (Crypt:1)
  Grinder (D:6)
  A death drake zombie (Crypt:3)
  A jumping spider (shapeshifter) (Vaults:1)
  14 trolls
  2 boulder beetles
  A minotaur skeleton (Crypt:1)
  A fire dragon zombie (Crypt:3)
  A wind drake (Shoals:3)
  14 two-headed ogres
  An ushabti (Crypt:3)
  5 bog bodies
  An ice dragon zombie (Crypt:2)
  2 ettin zombies
  13 slime creatures
  19 blink frogs
  A stone giant simulacrum (Vaults:2)
  A spriggan (Lair:8)
  An ettin skeleton (Crypt:1)
  6 snapping turtles
  2 flying skulls (Crypt:1)
  36 tarantellas
  Sigmund (D:4)
  4 shadows
  An air elemental (Elf:1)
  72 redbacks
  2 wyverns
  18 water elementals
  A vampire (D:14)
  11 wraiths
  A hog (D:7)
  3 humans
  67 yaks
  A hippogriff (shapeshifter) (Vaults:1)
  2 hungry ghosts
  Eustachio (D:4)
  4 basilisks
  A fire elemental (Elf:1)
  2 fire dragon skeletons (Crypt:1)
  A hill giant skeleton (Crypt:3)
  15 hippogriffs
  15 vampire mosquitoes
  The ghost of kak the Poker, an amateur MfSk (D:4)
  Edmund (D:4)
  A death yak simulacrum (IceCv)
  A yaktaur simulacrum (Vaults:2)
  A catoblepas simulacrum (Crypt:3)
  A steam dragon (Lair:4)
  A mottled dragon (Vaults:1)
  4 wargs
  A merfolk zombie (Crypt:3)
  5 water moccasins
  A large abomination (Crypt:1)
  An orb spider zombie (Crypt:2)
  A giant eyeball (shapeshifter) (Vaults:2)
  3 hell hounds
  22 orc warriors
  A spiny frog skeleton (Crypt:1)
  12 porcupines
  2 necrophages
  9 ice beasts
  A wasp (D:10)
  2 black bears
  A swamp dragon zombie (Crypt:1)
  3 sky beasts
  An ice dragon simulacrum (Crypt:3)
  4 phantoms
  12 wolves
  16 centaurs
  5 boggarts (Vaults:2)
  39 ogres
  A swamp dragon skeleton (Crypt:1)
  7 human skeletons (Vaults:2)
  2 orc skeletons (Vaults:2)
  14 crocodiles
  3 big kobolds (D:13)
  18 giant frogs
  Blork the orc (D:4)
  A komodo dragon zombie (Crypt:2)
  3 earth elementals (Elf:1)
  A water moccasin zombie (D:8)
  A wyvern skeleton (D:11)
  5 scorpions
  A swamp dragon simulacrum (IceCv)
  15 killer bees
  2 human simulacra
  A manticore simulacrum (Crypt:3)
  19 wights
  2 howler monkeys
  4 electric eels
  7 crimson imps
  3 centaur zombies
  8 draconian simulacra (IceCv)
  3 quasits
  2 giant frog zombies
  3 human zombies
  2 giant frog skeletons (D:11)
  10 orc priests
  A black bear zombie (Crypt:3)
  A gnoll shaman (D:4)
  4 hounds
  5 jellies
  22 orc wizards
  4 centaur skeletons
  A demonspawn skeleton (Crypt:3)
  11 iguanas
  6 hell rats (Lair:7)
  11 worker ants
  A spriggan simulacrum (IceCv)
  A killer bee zombie (D:7)
  A polar bear simulacrum (IceCv)
  4 troll simulacra (IceCv)
  17 sheep
  A big kobold zombie (Crypt:3)
  2 centaur simulacra
  2 hound zombies
  A mummy (Crypt:3)
  14 gnolls
  23 adders
  3 naga simulacra (IceCv)
  3 ogre simulacra (IceCv)
  48 river rats
  A swamp drake skeleton (Crypt:1)
  11 shadow imps
  24 white imps
  10 oozes
  A sheep skeleton (Crypt:3)
  4 worms
  2 dart slugs (D:2)
  25 giant geckos
  93 orcs
  A bat skeleton (Crypt:1)
  11 giant cockroaches
  6 goblins
  6 hobgoblins
  10 jackals
  3 quokkas
  9 ball pythons
  8 bats
  A giant cockroach zombie (Crypt:1)
  A giant gecko skeleton (D:4)
  12 giant newts
  A hobgoblin skeleton (Crypt:2)
  A hobgoblin zombie (Crypt:2)
  A jackal skeleton (D:6)
  2 jackal zombies
  20 kobolds
  A kobold skeleton (Crypt:1)
  A quokka skeleton (D:3)
  6 rats
  A fungus (Lair:8)
  2 lost souls
  A plant (Lair:7)
  A tentacle (Shoals:1)
1902 creatures vanquished.

Vanquished Creatures (collateral kills)
  A lich (Crypt:3)
  Rupert (D:12)
  A tengu reaver (D:13)
  2 emperor scorpions (Spider:4)
  2 vault wardens
  5 ghouls
  A deep elf elementalist (Elf:3)
  An ironheart preserver (Vaults:2)
  3 vampire knights (Crypt:1)
  A deep elf annihilator (Vaults:2)
  3 merfolk javelineers
  3 jiangshi (Crypt:1)
  A death ooze (Crypt:3)
  The ghost of heinrich the Convoker, a journeyman FeSu of Nemelex Xobeh (Shoals:4)
  An ettin (D:13)
  2 merfolk impalers
  A quicksilver dragon skeleton (Crypt:1)
  A catoblepas (Lair:8)
  A merfolk avatar (Shoals:3)
  An ogre mage (Vaults:2)
  A centaur warrior (Vaults:1)
  A merfolk aquamancer (Shoals:4)
  2 dancing weapons (Elf:2)
  2 vampire magi
  3 deep elf knights
  3 skeletal warriors (Crypt:1)
  A storm dragon skeleton (Crypt:1)
  A deep troll (Vaults:2)
  2 deep elf archers (Elf:1)
  3 sea snakes
  A hill giant (D:13)
  2 harpies (Lair:3)
  3 ironbrand convokers
  2 orc knights
  A phantasmal warrior (Crypt:1)
  2 necromancers (Crypt:1)
  An orc sorcerer (Elf:1)
  An orb spider (Spider:3)
  An anaconda skeleton (Crypt:1)
  A faun (Shoals:3)
  A cyclops (Orc:2)
  A wolf spider (Spider:2)
  4 ugly things
  6 griffons
  2 hornets
  8 deep elf magi
  An iron dragon skeleton (Crypt:3)
  3 elephants
  3 vault sentinels
  2 water nymphs
  A black mamba (Lair:8)
  A salamander skeleton (Vaults:2)
  A spiny frog (Lair:8)
  3 yaktaurs
  2 guardian mummies (Crypt:3)
  An emperor scorpion zombie (Crypt:1)
  A yaktaur skeleton (Vaults:2)
  A hydra zombie (Crypt:1)
  8 merfolk
  A troll (Orc:2)
  A wolf spider simulacrum (Crypt:3)
  9 slime creatures
  A hydra skeleton (Crypt:1)
  5 jumping spiders
  A wind drake (Shoals:4)
  3 two-headed ogres
  A blink frog (Lair:7)
  A large abomination (Crypt:1)
  3 flying skulls (Crypt:2)
  A snapping turtle (Shoals:3)
  An ice dragon skeleton (Crypt:1)
  18 redbacks
  2 water elementals
  6 yaks
  3 tarantellas
  2 hippogriffs
  2 water moccasins
  A porcupine (Lair:7)
  5 orc warriors
  A gelid demonspawn skeleton (Crypt:2)
  A black bear (Lair:8)
  A necrophage (Crypt:2)
  10 ogres
  2 centaurs
  3 wolves (Lair:8)
  An ogre (shapeshifter) (Vaults:3)
  A crocodile (Lair:8)
  A big kobold (D:13)
  A giant frog (Lair:7)
  An earth elemental (Elf:1)
  A boulder beetle zombie (Crypt:3)
  An orc simulacrum (Vaults:2)
  A troll zombie (Crypt:3)
  A wight (Crypt:1)
  2 killer bees (Lair:3)
  A demonspawn zombie (Crypt:1)
  An orc priest (Elf:1)
  4 orc wizards
  A hell rat (Lair:7)
  2 sheep (Shoals:4)
  A tengu skeleton (Crypt:1)
  7 river rats
  A steam dragon zombie (Crypt:2)
  A steam dragon skeleton (Crypt:2)
  7 orcs
  An orc skeleton (Crypt:1)
  6 fungi (Lair:8)
  3 plants
249 creatures vanquished.

Vanquished Creatures (others)
  An eldritch tentacle (Spider:3)
  4 merfolk javelineers
  A satyr (Shoals:2)
  A deep elf archer (Elf:1)
  A human (D:3)
  2 killer bees (Lair:3)
  4 sheep
  2 gnolls (D:3)
  71 eldritch tentacle segments (Spider:3)
  46 fungi
  4 lost souls
  35 plants
  7 tentacles (Shoals:1)
  66 tentacle segments (Shoals:1)
  16 withered plants (Crypt:3)
261 creatures vanquished.

Grand Total: 2412 creatures vanquished

Notes
Turn   | Place    | Note
--------------------------------------------------------------
     0 | D:1      | nubinia the Tengu Conjurer began the quest for the Orb.
     0 | D:1      | Reached XP level 1. HP: 10/10 MP: 4/4
   104 | D:1      | Reached XP level 2. HP: 15/15 MP: 0/6
   353 | D:1      | Reached skill level 6 in Conjurations
   854 | D:2      | Reached XP level 3. HP: 19/19 MP: 5/7
   859 | D:2      | Learned a level 3 spell: Dazzling Spray
  1458 | D:2      | Reached XP level 4. HP: 23/24 MP: 4/8
  1639 | D:3      | Noticed an ogre
  1668 | D:3      | Killed an ogre
  1668 | D:3      | Reached skill level 7 in Conjurations
  1668 | D:3      | Gained mutation: You can fly. [Tengu growth]
  1668 | D:3      | Reached XP level 5. HP: 28/28 MP: 1/10
  2250 | D:3      | Reached XP level 6. HP: 21/32 MP: 3/12
  2367 | D:3      | Noticed a human
  2368 | D:3      | Found a runed door.
  2372 | D:3      | Found a basalt altar of Yredelemnul.
  2502 | D:3      | Learned a level 4 spell: Iskenderun's Mystic Blast
  2788 | D:3      | Killed a human
  3695 | D:4      | Noticed Eustachio
  3817 | D:4      | Noticed kak's ghost (amateur MfSk)
  3897 | D:4      | Reached skill level 8 in Conjurations
  3897 | D:4      | Reached XP level 7. HP: 25/37 MP: 7/14
  3905 | D:4      | Noticed Blork the orc
  3981 | D:4      | Reached skill level 1 in Short Blades
  3995 | D:4      | Noticed Sigmund
  4147 | D:4      | Found a glowing drain.
  4151 | Sewer    | Entered a sewer
  4840 | Sewer    | Learned a level 5 spell: Iskenderun's Battlesphere
  5051 | Sewer    | Reached skill level 1 in Charms
  5106 | Sewer    | Reached XP level 8. HP: 26/42 MP: 1/15
  5526 | D:4      | Got an ancient tin ring
  5528 | D:4      | Identified the ring of Ommuunie {Int-3 Dex+5 Slay+6 Stlth-} (You found it on level 4 of the Dungeon)
  5539 | D:4      | Noticed Edmund
  5996 | D:4      | Killed Sigmund
  6296 | D:5      | Entered Level 5 of the Dungeon
  6355 | D:5      | Reached skill level 5 in Stealth
  6355 | D:5      | Reached skill level 5 in Spellcasting
  6355 | D:5      | Reached skill level 9 in Conjurations
  6355 | D:5      | Reached skill level 5 in Charms
  6355 | D:5      | Reached XP level 9. HP: 49/52 MP: 15/18
  6500 | D:5      | Reached skill level 10 in Conjurations
  7063 | D:6      | Noticed Grinder
  7069 | D:6      | Killed Grinder
  7438 | D:6      | Found a staircase to the Ecumenical Temple.
  7475 | Temple   | Entered the Ecumenical Temple
  7479 | Temple   | Became a worshipper of Sif Muna the Loreminder
  8010 | D:7      | Reached XP level 10. HP: 57/57 MP: 20/20
  8101 | D:7      | Found a burning altar of Makhleb.
  8104 | D:7      | Found a white marble altar of Elyvilon.
  8194 | D:7      | Noticed a kobold demonologist
  8194 | D:7      | Noticed a kobold demonologist
  8195 | D:7      | Noticed a kobold demonologist
  8220 | D:7      | Noticed a sixfirhy
  8651 | D:7      | Noticed a soul eater
  8652 | D:7      | Killed a kobold demonologist
  8777 | D:7      | Noticed a sun demon
  8781 | D:7      | Killed a kobold demonologist
  8798 | D:7      | Killed a kobold demonologist
  8798 | D:7      | Reached skill level 11 in Conjurations
  9229 | D:7      | Reached * piety under Sif Muna
  9437 | D:8      | Found a stormy altar of Qazlal.
  9933 | D:8      | Found a glowing golden altar of the Shining One.
  9979 | D:8      | Found an ancient bone altar of Kikubaaqudgha.
 10164 | D:9      | Got a distressingly furry robe
 10173 | D:9      | Learned a level 3 spell: Mephitic Cloud
 10176 | D:9      | Learned a level 2 spell: Repel Missiles
 10313 | D:9      | Found an iron altar of Okawaru.
 10327 | D:9      | Reached skill level 1 in Air Magic
 10407 | D:9      | Reached XP level 11. HP: 62/62 MP: 10/23
 10480 | D:9      | Got a dazzling war axe
 10481 | D:9      | Identified the cursed +0 war axe of the Thing {chop, rF++ rN+ Str+3} (You found it on level 9 of the Dungeon)
 10494 | D:9      | Identified the +3 robe "Equubuimm" {Int+4 Dex+4} (You found it on level 9 of the Dungeon)
 10600 | D:9      | Found an opulent altar of Gozag.
 10973 | D:9      | Found a snail-covered altar of Cheibriados.
 11216 | D:10     | Entered Level 10 of the Dungeon
 11427 | D:10     | Reached ** piety under Sif Muna
 11457 | D:10     | Reached skill level 12 in Conjurations
 11497 | D:10     | Noticed Joseph
 11613 | D:10     | Noticed a hill giant
 11616 | D:10     | Killed a hill giant
 11795 | D:11     | Found a staircase to the Orcish Mines.
 11965 | D:11     | Found a frozen archway.
 11974 | IceCv    | Entered an ice cave
 12402 | IceCv    | Reached *** piety under Sif Muna
 13563 | IceCv    | Reached skill level 13 in Conjurations
 14066 | IceCv    | Found an ancient bone altar of Kikubaaqudgha.
 14071 | IceCv    | Reached XP level 12. HP: 67/67 MP: 16/26
 14725 | D:11     | Reached skill level 5 in Air Magic
 14874 | D:11     | Reached **** piety under Sif Muna
 15208 | D:11     | Found a staircase to the Lair.
 15289 | D:11     | Reached ***** piety under Sif Muna
 15289 | D:11     | Reached skill level 10 in Spellcasting
 15734 | Lair:1   | Entered Level 1 of the Lair of Beasts
 16012 | Lair:1   | Noticed a six-headed hydra
 16015 | Lair:1   | Killed a six-headed hydra
 16156 | Lair:1   | Noticed Sonja
 16161 | Lair:1   | Killed Sonja
 16161 | Lair:1   | Reached skill level 5 in Short Blades
 16193 | Lair:1   | Found a shimmering altar of Xom.
 16269 | Lair:1   | Noticed Gastronok
 16290 | Lair:1   | Killed Gastronok
 16543 | Lair:1   | Learned a level 2 spell: Blink
 16547 | Lair:1   | Learned a level 3 spell: Conjure Flame
 16672 | Lair:1   | Reached XP level 13. HP: 72/72 MP: 23/28
 16704 | Lair:1   | Reached skill level 14 in Conjurations
 16743 | Lair:1   | Noticed Urug
 16764 | Lair:1   | Killed Urug
 17095 | Lair:1   | Upgraded the game from 0.19-a0 to 0.19-a0-4-ga5c5ac4
 17119 | Lair:2   | Reached ****** piety under Sif Muna
 17119 | Lair:2   | Received a gift from Sif Muna
 17121 | Lair:2   | Identified Xuimeipy's Tome of Quantum Flight (Sif Muna gifted it to you on level 2 of the Lair of Beasts)
 17182 | Lair:1   | Learned a level 4 spell: Force Lance
 17221 | Lair:1   | Reached skill level 1 in Fire Magic
 17544 | Lair:2   | Reached skill level 1 in Translocations
 17973 | Lair:2   | Noticed an ice dragon
 17986 | Lair:2   | Killed an ice dragon
 18219 | Lair:3   | Identified a scroll of acquirement
 19037 | Lair:3   | Found a staircase to the Shoals.
 20120 | Lair:5   | Received a gift from Sif Muna
 20127 | Lair:5   | Identified Sif Muna's Disquisition on Evil and Arcane Weapons (Sif Muna gifted it to you on level 5 of the Lair of Beasts)
 20168 | Lair:5   | Learned a level 5 spell: Fireball
 20300 | Lair:5   | Gained mutation: You can fly continuously. [Tengu growth]
 20300 | Lair:5   | Reached XP level 14. HP: 76/76 MP: 30/30
 20330 | Lair:5   | Found a hole to the Spider Nest.
 20378 | Lair:5   | Reached skill level 15 in Conjurations
 21010 | Lair:6   | Reached skill level 1 in Shields
 21022 | Lair:6   | Learned a level 1 spell: Animate Skeleton
 21122 | Lair:6   | Learned a level 2 spell: Swiftness
 22599 | Lair:7   | Reached skill level 5 in Shields
 23016 | Lair:7   | Reached skill level 1 in Invocations
 23438 | Lair:8   | Entered Level 8 of the Lair of Beasts
 23722 | Lair:8   | Reached skill level 1 in Necromancy
 23735 | Lair:8   | Found a staircase to the Slime Pits.
 23736 | Lair:8   | Found a viscous altar of Jiyva.
 24450 | Lair:8   | Got an iridescent dagger
 24451 | Lair:8   | Identified the cursed +2 dagger of Freehold {pierce, *Drain MP+9 Int+3 SInv} (You found it on level 8 of the Lair of Beasts)
 24500 | Lair:8   | Reached skill level 5 in Fire Magic
 25001 | Orc:1    | Entered Level 1 of the Orcish Mines
 25153 | Orc:2    | Entered Level 2 of the Orcish Mines
 25164 | Orc:2    | Noticed Donald
 25166 | Orc:2    | Received a gift from Sif Muna
 25185 | Orc:2    | Killed Donald
 25185 | Orc:2    | Reached XP level 15. HP: 79/81 MP: 29/32
 25212 | Orc:2    | Identified Sif Muna's Guide on Hurtful Air (Sif Muna gifted it to you on level 2 of the Orcish Mines)
 25218 | Orc:2    | Found a dark tunnel.
 25241 | Volcano  | Entered a volcano
 25299 | Orc:2    | Learned a level 5 spell: Bolt of Draining
 25395 | Orc:2    | Found Laqouxokh's Jewellery Emporium.
 25794 | Orc:2    | Paralysed by an ogre mage for 2 turns
 25839 | Orc:2    | Found Ufiulonk's Book Shop.
 25843 | Orc:2    | Found Xif Tupa's Book Boutique.
 25861 | Orc:2    | Found Piyps's Distillery.
 25888 | Orc:2    | Found a roughly hewn altar of Beogh.
 26057 | Orc:2    | Found a staircase to the Elven Halls.
 26677 | Orc:2    | Bought a potion of beneficial mutation for 490 gold pieces
 26805 | Shoals:1 | Entered Level 1 of the Shoals
 27686 | Shoals:1 | Noticed a kraken
 27701 | Shoals:1 | Killed a kraken
 27975 | Shoals:1 | Reached skill level 10 in Air Magic
 28118 | Orc:2    | Bought a book of the Sky for 1040 gold pieces
 28127 | Orc:2    | Learned a level 6 spell: Deflect Missiles
 28765 | Shoals:2 | Received a gift from Sif Muna
 29166 | Shoals:2 | Reached skill level 16 in Conjurations
 29355 | Shoals:2 | Identified Sif Muna's Reference Book on Boosting Enchantment (Sif Muna gifted it to you on level 2 of the Shoals)
 29461 | Shoals:2 | Reached skill level 5 in Necromancy
 29470 | Shoals:2 | Reached XP level 16. HP: 72/86 MP: 4/34
 30369 | Shoals:3 | Got a smoking short sword
 30370 | Shoals:3 | Identified the +5 short sword "Qoalen" {pierce, rN+ MP+9 Str+2 Int-2} (You found it on level 3 of the Shoals)
 31457 | Shoals:4 | Entered Level 4 of the Shoals
 31700 | Shoals:4 | Received a gift from Sif Muna
 31701 | Shoals:4 | Identified Sif Muna's Handbook of Floating Arcane Weapons (Sif Muna gifted it to you on level 4 of the Shoals)
 31707 | Shoals:4 | Noticed Ilsuiw
 32322 | Shoals:4 | Killed Ilsuiw
 32723 | Shoals:4 | Got a jewelled cloak
 32746 | Shoals:4 | Identified the +1 cloak "Feewut" {MR+ MP+9 Str+3} (You found it on level 4 of the Shoals)
 33472 | Shoals:4 | Reached skill level 17 in Conjurations
 33476 | Shoals:4 | Noticed heinrich's ghost (journeyman FeSu)
 33482 | Shoals:4 | Reached XP level 17. HP: 90/90 MP: 16/36
 33490 | Shoals:4 | Killed heinrich's ghost
 33556 | Shoals:4 | Reached skill level 5 in Invocations
 33673 | Shoals:4 | Received a gift from Sif Muna
 33674 | Shoals:4 | Identified Sif Muna's Grimoire of Heat (Sif Muna gifted it to you on level 4 of the Shoals)
 33883 | Shoals:4 | Got a vibrating granite ring
 33890 | Shoals:4 | Identified the ring "Xetykuv" {+Fly rPois} (You took it off a siren on level 4 of the Shoals)
 34256 | Shoals:4 | Reached skill level 5 in Fighting
 34419 | Shoals:4 | Got a barnacled rune of Zot
 34733 | Spider:1 | Entered Level 1 of the Spider Nest
 35547 | Shoals:1 | Received a gift from Sif Muna
 35580 | Shoals:1 | Identified Sif Muna's Guide on Ashen Conjuration (Sif Muna gifted it to you on level 1 of the Shoals)
 35783 | Lair:3   | Learned a level 4 spell: Summon Lightning Spire
 35870 | Spider:1 | Got an iridescent falchion
 35871 | Spider:1 | Identified the cursed +0 falchion of Pride {drain, rElec MP+9 Str-3 SInv} (You found it on level 1 of the Spider Nest)
 35928 | Spider:1 | Reached skill level 1 in Summonings
 35956 | Spider:1 | Upgraded the game from 0.19-a0-4-ga5c5ac4 to 0.19-a0-14-gde87d98
 36261 | Spider:2 | Noticed Jorgrun
 36471 | Spider:2 | Noticed Wiglaf
 36493 | Spider:2 | Killed Wiglaf
 36493 | Spider:2 | Reached skill level 5 in Summonings
 36804 | Elf:1    | Entered Level 1 of the Elven Halls
 37106 | Elf:1    | Reached XP level 18. HP: 96/96 MP: 37/37
 37116 | Elf:1    | Found Remeisuir's Armour Boutique.
 37124 | Elf:1    | Bought the +0 shield of Sin {rCorr Int+3 SInv Stlth+} for 486 gold pieces
 37457 | Lair:3   | Learned a level 4 spell: Airstrike
 37657 | Elf:1    | Received a gift from Sif Muna
 37658 | Elf:1    | Identified Sif Muna's Collected Works on Torrid Unholy Rituals (Sif Muna gifted it to you on level 1 of the Elven Halls)
 37798 | Elf:1    | Found an ancient bone altar of Kikubaaqudgha.
 39150 | Elf:2    | Found a runed gate.
 39150 | Elf:2    | Found a runed gate.
 39150 | Elf:2    | Found a runed gate.
 39371 | Elf:2    | Noticed Asterion
 39555 | Elf:2    | Killed Asterion
 39658 | Elf:2    | Reached skill level 15 in Spellcasting
 39661 | Elf:2    | Reached skill level 10 in Fire Magic
 39953 | Elf:2    | Received a gift from Sif Muna
 39954 | Elf:2    | Identified Cuis's Reference Book on Conjuration and Flames (Sif Muna gifted it to you on level 2 of the Elven Halls)
 39963 | Elf:2    | Learned a level 7 spell: Delayed Fireball
 40334 | Elf:2    | Upgraded the game from 0.19-a0-14-gde87d98 to 0.19-a0-27-g415f530
 40385 | Elf:2    | Reached skill level 18 in Conjurations
 40750 | D:12     | Noticed Rupert
 40755 | D:12     | Killed Rupert
 40865 | D:12     | Noticed Nergalle
 40871 | D:12     | Killed Nergalle
 40874 | D:12     | Reached XP level 19. HP: 100/100 MP: 12/39
 41581 | Spider:2 | Killed Jorgrun
 41777 | Spider:2 | Noticed Arachne
 41787 | Spider:2 | Killed Arachne
 43040 | Spider:3 | Received a gift from Sif Muna
 43045 | Spider:3 | Learned a level 2 spell: Shroud of Golubria
 43212 | Spider:3 | Noticed Mara
 43619 | Spider:3 | Upgraded the game from 0.19-a0-27-g415f530 to 0.19-a0-32-gbfd796a
 44335 | Spider:4 | Entered Level 4 of the Spider Nest
 45167 | Spider:4 | Noticed Louise
 45169 | Spider:4 | Killed Louise
 45536 | Spider:4 | Reached skill level 19 in Conjurations
 45715 | Spider:4 | Got a gossamer rune of Zot
 46198 | D:13     | Received a gift from Sif Muna
 46201 | D:13     | Identified Sif Muna's Disquisition on Companions and Confrontation (Sif Muna gifted it to you on level 13 of the Dungeon)
 46205 | D:13     | Reached skill level 15 in Air Magic
 46571 | D:13     | Reached XP level 20. HP: 106/106 MP: 11/40
 47219 | D:14     | Found a gate to the Vaults.
 47998 | Vaults:1 | Entered Level 1 of the Vaults
 48577 | Vaults:1 | Found Azea's Distillery.
 48707 | Vaults:1 | Found Tuwep's Armour Emporium.
 49246 | Vaults:1 | Found Itaux's Food Emporium.
 50140 | Vaults:1 | Received a gift from Sif Muna
 50141 | Vaults:1 | Identified Nidizoef's Catalogue of Combat Magic (Sif Muna gifted it to you on level 1 of the Vaults)
 51025 | Vaults:2 | Found Olyuxt's Magic Scroll Shop.
 51047 | Vaults:2 | Reached XP level 21. HP: 110/110 MP: 4/42
 51080 | Vaults:2 | Bought a scroll of acquirement for 676 gold pieces
 51081 | Vaults:2 | Got an opalescent robe
 51092 | Vaults:2 | Identified the +1 robe "Jorotic" {rF+ Str+4} (You acquired it on level 2 of the Vaults)
 51375 | D:13     | Learned a level 4 spell: Sticky Flame
 51402 | D:13     | Reached skill level 20 in Conjurations
 51631 | D:4      | Killed Eustachio
 51659 | D:4      | Killed kak's ghost
 51855 | D:4      | Killed Edmund
 52256 | D:4      | Killed Blork the orc
 52547 | D:10     | Found a glowing silver altar of Zin.
 52548 | D:10     | Found Hanagil's Hallowed Reliquary.
 52555 | D:10     | Bought a potion of cure mutation for 300 gold pieces
 52840 | Lair:3   | Gained mutation: You passively map a small area around you. [potion of mutation]
 52840 | Lair:3   | Gained mutation: You evolve. [potion of mutation]
 52840 | Lair:3   | Lost mutation: You passively map a small area around you. [potion of mutation]
 52844 | Lair:3   | Gained mutation: You have a somewhat thin skeletal structure (Dex +2, Stealth). [potion of beneficial mutation]
 53031 | Elf:3    | Entered Level 3 of the Elven Halls
 53490 | Elf:3    | Noticed Nikola
 53494 | Elf:3    | Killed Nikola
 54006 | Elf:3    | Received a gift from Sif Muna
 54007 | Elf:3    | Identified Sif Muna's Handbook of Black Secrets (Sif Muna gifted it to you on level 3 of the Elven Halls)
 54722 | Elf:3    | Got a wavering golden ring
 54869 | Elf:3    | Got a transparent swamp dragon armour
 54966 | Elf:3    | Identified the +1 swamp dragon armour "Adwuof" {-Cast +Blink rElec rPois Regen+} (You took it off a deep elf blademaster on level 3 of the Elven Halls)
 55114 | Elf:3    | Identified the ring of Hewaasa {SustAt *Corrode rC+ MR+++ MP+9} (You took it off a deep elf blademaster on level 3 of the Elven Halls)
 55128 | Elf:3    | Got an ichor-stained blowgun
 55129 | Elf:3    | Identified the cursed +0 blowgun "Veiluf" {speed, Int+2} (You found it on level 3 of the Elven Halls)
 55167 | Elf:3    | Got an ichor-stained trident {flame}
 55168 | Elf:3    | Identified the +6 trident of Purpose {flame, rElec Stlth+} (You took it off a deep elf death mage on level 3 of the Elven Halls)
 55385 | Vaults:1 | Got an uncursed iridescent short sword {pierce}
 55386 | Vaults:1 | Identified the +4 short sword of Sin {pierce, rF- rC+ Str+5 Stlth+} (You took it off a centaur on level 1 of the Vaults)
 55472 | Vaults:2 | Reached skill level 10 in Stealth
 56145 | Vaults:2 | Found a staircase to the Crypt.
 57154 | Vaults:3 | Reached XP level 22. HP: 115/115 MP: 43/43
 57178 | Vaults:3 | Reached skill level 15 in Stealth
 57290 | Vaults:3 | Gained mutation: Your muscles are strong. (Str +2) [evolution]
 57726 | Vaults:3 | Upgraded the game from 0.19-a0-32-gbfd796a to 0.19-a0-36-g4a0968a
 57884 | Crypt:1  | Entered Level 1 of the Crypt
 58026 | Crypt:1  | Noticed Boris
 58417 | D:12     | Learned a level 4 spell: Control Undead
 59987 | Crypt:1  | Received a gift from Sif Muna
 59988 | Crypt:1  | Identified Sif Muna's Incunabulum of Necromancy (Sif Muna gifted it to you on level 1 of the Crypt)
 60846 | Crypt:1  | Killed Boris
 62448 | Crypt:2  | Reached XP level 23. HP: 120/120 MP: 12/45
 62590 | Crypt:3  | Entered Level 3 of the Crypt
 62961 | Crypt:2  | Reached skill level 10 in Necromancy
 63122 | Crypt:3  | Received a gift from Sif Muna
 63128 | Crypt:3  | Identified Sif Muna's Disquisition on Confrontation and Flight (Sif Muna gifted it to you on level 3 of the Crypt)
 63545 | Elf:3    | Learned a level 5 spell: Dispel Undead
 63967 | Crypt:3  | Gained mutation: You rapidly evolve. [evolution]
 64060 | Crypt:3  | Reached skill level 21 in Conjurations
 65631 | Crypt:3  | Received a gift from Sif Muna
 65643 | Crypt:3  | Learned a level 1 spell: Apportation
 65736 | Crypt:3  | Noticed a curse toe
 65755 | Crypt:3  | Killed from afar by an ancient champion

Vault maps used:
D:1:      dpeg_arrival_tiny_c, hangedman_abyss_or_decor_stabs
D:3:      st_stairs_5, dk_yredelemnul_ordeal
D:4:      gup_sewer_entry_spiral, minmay_bisected, uniq_eustachio,
          uniq_blork_the_orc, uniq_sigmund, uniq_edmund
D:5:      first_bread
D:6:      minmay_temple_entry_mist, uniq_grinder
D:7:      kennysheep_mini_moat, lemuel_crystal_altar, grunt_livestock
D:8:      lemuel_crystal_altar, lemuel_crystal_altar, tso_altar
D:9:      okawaru_humans, kennysheep_mini, basic_altar
D:10:     nicolae_good_shop, uniq_joseph
D:11:     due_lair_maze_entry_diamond, david_orc_3, portal_ice_cave_entry_imps,
          st_stairs_13
D:12:     serial_column_ruins, column_ruins_hut, column_ruins_grid_1,
          column_ruins_open_tiny, column_ruins_open_tiny,
          column_ruins_open_medium, minmay_misc_feat_enclosed, uniq_rupert,
          uniq_nergalle
D:13:     thingy_vault, st_stairs_6
D:14:     david_vaults_2, minivault_4
Temple:   zaba_magenta_temple_12
Lair:1:   kb_xom_exploding_sheep, serial_bayou_shore_a, grunt_megastairs_4,
          uniq_sonja, uniq_gastronok, uniq_urug
Lair:2:   dragon1_lemuel, st_stairs_6, infiniplex_staircase_pool_2
Lair:3:   minmay_shoals_entry_beasts, special_room, wad_woods_04,
          infiniplex_staircase_pool
Lair:5:   nicolae_spider_entry_tight_spaces, minmay_lair_oklob_bushes,
          serial_bayou_shore_b
Lair:6:   lookout_lair_type, grunt_megastairs_5
Lair:7:   serial_bayou, serial_bayou_pond_b, serial_bayou_lagoon_b,
          serial_bayou_pond_c, serial_bayou_ford_a, beast_lair_carwin_10
Lair:8:   grunt_lair_end_beastmaster, slime_altar_1,
          grunt_forest_large_clearing_hut
Shoals:1: nicolae_shoals_kraken_intersection
Shoals:2: nicolae_shoals_mertower
Shoals:3: nicolae_shoals_water_elemental_grotto
Shoals:4: shoals_end_grunt_ice, shoals_ilsuiw_ice
Spider:2: nicolae_spider_cling_halls, uniq_arachne, uniq_wiglaf, uniq_jorgrun
Spider:3: nicolae_spider_stair_cavern, nicolae_spider_cling_ruins, uniq_mara
Spider:4: grunt_spider_rune_circles, uniq_louise
Orc:2:    st_orc_open, enter_volcano_3, basic_altar, uniq_donald
Elf:1:    eino_elf_arrival_sip, basic_altar, serial_shops, shop, orc_legates,
          elves_outpost_lemuel
Elf:2:    minivault_23, uniq_asterion
Elf:3:    elf_hall_gauntlet_narrow, serial_sigils_hangedman_snap, uniq_nikola
Vaults:1: ontoclasm_vaults_spin, v_misc_31, nicolae_vaults_little_squares_1,
          vaults_mumra_minichess_inversion, v_pattern_2, vaults_room_fours,
          serial_shops, shop, shop, shop
Vaults:2: minmay_crypt_entry_skeletal_spiral, grunt_vaults_twisty,
          vaults_mumra_minichess, hangedman_vaults_snaps,
          ontoclasm_vaults_ligature, vaults_room_pool, vaults_dpeg_doors,
          vaults_standard_mumra_x, serial_shops, nicolae_shop_crystal
Vaults:3: ontoclasm_vaults_ring_small, vaults_room_corners,
          hangedman_vaults_locks, dpeg_vaults_monster_box,
          ontoclasm_vaults_fault, nicolae_vaults_mini_display_case, v_pattern_4,
          v_misc_29, nicolae_vaults_fighting_squares, ontoclasm_vaults_twist,
          hangedman_vaults_stretched_pinwheel, vaults_room_octagon
Crypt:1:  hangedman_screamer
Crypt:2:  roderic_lattice_octagonal_star
Crypt:3:  lightli_unholy_cathedral, tomb_entry_sphere_bobbens,
          minigarden_bobbens
Sewer:    sewer_frog_island_02
IceCv:    ice_cave_small_necro
Volcano:  volcano_caves

Skill      XL: |  1  2  3  4  5  6  7  8  9 10 11 12 13 14 15 16 17 18 19 20 21 22 23 |
---------------+----------------------------------------------------------------------+-----
Conjurations   | 6 7 8 9 10 11 13 14 15 16 17 18 19 20 21 | 21.1
Spellcasting   | 3 4 5 6 7 9 10 11 12 13 14 15 16 17 18 | 18.2
Dodging        | 3 6 7 8 9 |  9.7
Stealth        | 3 5 6 7 8 9 14 16 | 16.6
Short Blades   | 1 4 5 6 |  6.2
Charms         | 2 5 6 7 |  7.3
Fighting       | 4 5 |  5.3
Hexes          | 3 4 |  4.4
Air Magic      | 1 4 6 8 9 10 11 12 13 15 16 17 | 17.9
Fire Magic     | 3 5 6 8 9 10 11 12 13 | 13.6
Translocations | 2 3 |  3.7
Shields        | 5 6 7 |  7.7
Invocations    | 2 3 4 5 6 7 9 |  9.6
Necromancy     | 3 5 6 8 9 10 | 10.7
Summonings     | 7 8 9 |  9.0
Evocations     | |  0.4

Action                   |  1- 3 |  4- 6 |  7- 9 | 10-12 | 13-15 | 16-18 | 19-21 | 22-24 || total
-------------------------+-------+-------+-------+-------+-------+-------+-------+-------++-------
Melee: Dagger            |    22 |    71 |   140 |   216 |   529 |   301 |   455 |   219 ||  1953
       Kick              |     6 |    15 |    34 |    80 |   209 |   143 |   232 |   201 ||   920
       Peck              |     2 |     8 |    20 |    42 |   129 |   111 |   157 |   128 ||   597
       Short sword       |       |       |       |       |       |    60 |       |    87 ||   147
 Cast: Magic Dart        |    53 |   113 |   159 |   320 |   244 |   283 |   380 |    52 ||  1604
       Dazzling Spray    |       |     8 |    15 |    92 |   117 |    14 |       |       ||   246
       Iskenderun's Myst |       |     1 |       |    34 |    37 |    10 |       |       ||    82
       Iskenderun's Batt |       |       |     8 |   102 |   117 |   136 |   203 |    80 ||   646
       Mephitic Cloud    |       |       |       |    20 |   121 |    83 |   107 |       ||   331
       Repel Missiles    |       |       |       |     1 |     1 |       |       |       ||     2
       Animate Skeleton  |       |       |       |       |   141 |   112 |   135 |    30 ||   418
       Fireball          |       |       |       |       |    17 |    55 |   154 |   148 ||   374
       Force Lance       |       |       |       |       |     2 |    60 |   174 |   146 ||   382
       Bolt of Draining  |       |       |       |       |    22 |   183 |   114 |     8 ||   327
       Deflect Missiles  |       |       |       |       |     4 |     8 |     3 |     1 ||    16
       Swiftness         |       |       |       |       |     2 |     1 |       |     1 ||     4
       Summon Lightning  |       |       |       |       |       |    13 |    58 |    16 ||    87
       Airstrike         |       |       |       |       |       |    77 |   242 |   105 ||   424
       Delayed Fireball  |       |       |       |       |       |     2 |     8 |     2 ||    12
       Shroud of Golubri |       |       |       |       |       |       |    19 |     8 ||    27
       Sticky Flame      |       |       |       |       |       |       |     5 |    19 ||    24
       Control Undead    |       |       |       |       |       |       |       |    31 ||    31
       Dispel Undead     |       |       |       |       |       |       |       |    49 ||    49
Invok: Channel Energy    |       |       |       |   176 |   294 |   496 |   841 |    74 ||  1881
       Forget Spell      |       |       |       |       |     2 |     1 |       |       ||     3
 Abil: Fly               |       |    17 |    27 |    23 |    23 |     2 |       |       ||    92
       Stop Flying       |       |       |       |       |       |     2 |       |       ||     2
       Release Delayed F |       |       |       |       |       |     1 |     8 |     2 ||    11
Evoke: Wand              |       |       |       |     2 |    10 |     1 |     5 |       ||    18
       Lamp of fire      |       |       |       |       |     1 |     3 |     1 |     1 ||     6
       Fan of gales      |       |       |       |       |     1 |     2 |       |     1 ||     4
  Use: Scroll            |     1 |     5 |     8 |    14 |    15 |     7 |    15 |     4 ||    69
       Potion            |       |       |     1 |     5 |     3 |     4 |     2 |     1 ||    16
 Stab: Invisible         |       |     1 |       |     5 |    10 |     1 |       |       ||    17
       Sleeping          |       |     1 |     8 |     7 |    20 |    18 |    24 |    16 ||    94
       Distracted        |       |       |     1 |       |     3 |     1 |     8 |     8 ||    21
       Confused          |       |       |       |    11 |    48 |    23 |    22 |       ||   104
  Eat: Chunk             |     2 |    11 |    19 |    60 |   107 |   141 |   171 |    21 ||   532
       Pizza             |       |       |     1 |     2 |     2 |       |       |     1 ||     6
       Fruit             |       |       |       |     1 |     3 |     3 |       |    11 ||    18
       Beef jerky        |       |       |       |     3 |       |       |     1 |       ||     4
       Meat ration       |       |       |       |     2 |       |       |     2 |       ||     4
       Bread ration      |       |       |       |       |       |       |       |     1 ||     1
Armor: Robe              |     5 |    14 |    26 |    29 |    58 |    54 |    86 |    47 ||   319
Dodge: Dodged            |    11 |    37 |   110 |   144 |   406 |   269 |   345 |   263 ||  1585
       Deflected         |       |       |       |     7 |    22 |    47 |    31 |    12 ||   119
Block: Other             |       |       |       |    38 |       |       |       |       ||    38
       Reflection        |       |       |       |     4 |    35 |    39 |       |       ||    78
       Shield            |       |       |       |       |   333 |   250 |   253 |   185 ||  1021
